 Dungeon Crawl Stone Soup version 0.29-a0-330-g52719c12eb (webtiles) character file.

Game seed: 9492622403507124705

1111 Crownlay the Insei (level 8, -19/54 HPs)
             Began as an Octopode Transmuter on May 1, 2022.
             Demolished by a shadow (32 damage)
             ... on level 5 of the Dungeon.
             The game lasted 00:10:24 (6618 turns).

Crownlay the Insei (Octopode Transmuter)            Turns: 6618, Time: 00:10:24

Health: -19/54     AC:  2    Str:  9    XL:     8   Next: 33%
Magic:  0/15       EV: 19    Int: 18    God:
Gold:   196        SH:  0    Dex: 17    Spells: 13/17 levels left

rFire   . . .      SeeInvis .     - Unarmed
rCold   . . .      Faith    .   (shield currently unavailable)
rNeg    . . .      Spirit   +   (helmet currently unavailable)
rPois   x          Reflect  .   f - amulet of guardian spirit
rElec   .          Harm     .   (no ring)
rCorr   .          Rampage  .   (no ring)
Will    .....                   (no ring)
Stlth   ++........              (no ring)
HPRegen 0.18/turn               (no ring)
MPRegen 0.14/turn               (no ring)
                                (no ring)
                                (no ring)

@: brilliant, spider-form
A: venomous fangs, almost no armour, (amphibious), 8 rings, tiny, (camouflage
1), (gelatinous body 1), (nimble swimmer 1), (tentacles)
a: End Transformation


You were on level 5 of the Dungeon.
You were a venomous arachnid creature.
You visited 1 branch of the dungeon, and saw 5 of its levels.

You collected 196 gold pieces.

Inventory:

Missiles
 i - a throwing net
Jewellery
 f - an amulet of guardian spirit (around neck)
Wands
 g - a wand of iceblast (8)
Scrolls
 b - a scroll of magic mapping
 c - a scroll of silence {unknown}
 e - a scroll of enchant armour {unknown}
 h - a scroll of noise {unknown}
 k - a scroll of identify
 n - a scroll of teleportation {unknown}
Potions
 a - a potion of flight {unknown}
 d - 2 potions of curing
 j - a potion of brilliance
 l - a potion of haste {unknown}
 m - a potion of heal wounds {unknown}


   Skills:
 + Level 4.1 Fighting
 - Level 2.0 Dodging
 + Level 5.2 Unarmed Combat
 * Level 5.1 Spellcasting
 + Level 4.7 Transmutations
 - Level 3.1 Poison Magic


You had 13 spell levels left.
You knew the following spells:

 Your Spells              Type           Power      Damage    Failure   Level
a - Beastly Appendage     Tmut           64%        N/A       8%          1
b - Spider Form           Tmut/Pois      28%        N/A       21%         3

Your spell library contained the following spells:

 Spells                   Type           Power      Damage    Failure   Level
 Wereblood                Tmut           32%        N/A       10%         2
 Animate Skeleton         Necr           12%        N/A       30%         1
 Apportation              Tloc           12%        N/A       30%         1
 Foxfire                  Conj/Fire      24%        2x1d5     30%         1
 Summon Small Mammal      Summ           24%        N/A       30%         1
 Conjure Flame            Conj/Fire      6%         6-21      58%         3
 Gell's Gravitas          Tloc           6%         N/A       58%         3
 Inner Flame              Hex/Fire       6%         N/A       58%         3
 Lesser Beckoning         Tloc           6%         N/A       58%         3
 Teleport Other           Tloc           6%         N/A       58%         3
 Ice Form                 Ice/Tmut       19%        N/A       67%         4
 Flame Wave               Conj/Fire      6%         2d5       91%         4


Dungeon Overview and Level Annotations

Branches:
Dungeon (5/15)
 Temple: D:4-7

Altars:
Cheibriados
Gozag
Ru
Sif Muna
The Shining One

Shops:
D:4 (


Innate Abilities, Weirdness & Mutations

You are a venomous arachnid creature.
You have poisonous fangs.
You are tiny and dextrous.
Your spellcasting is less reliable in this form.
Your armour is entirely melded.
You are incapable of wielding weapons or throwing items.
You cannot wear most types of armour.
((You are amphibious.))
You can wear up to eight rings at the same time.
((Your skin changes colour to match your surroundings (Stealth+).))
((Your rubbery body absorbs attacks. (AC +1, EV +1)))
((You are camouflaged when in or above water. (Stealth+)))
((You have tentacles for arms and can constrict up to eight enemies at once.))


Message History

Your transformation has ended.
A hound comes into view.
The orc closely misses you. The shadow completely misses you.
The orc attacks as you move away! The orc misses you.
Casting: Spider Form (dangerous; 8% risk of failure)
Confirm with . or Enter, or press ? or * to list all spells.
You turn into a venomous arachnid creature.
The orc closely misses you. The shadow hits you.
The orc attacks as you move away! The orc closely misses you.
You bite the orc!
You kill the orc!
You hit the jackal.
You kill the jackal!
The shadow barely misses you.
You hit the shadow.
The shadow is moderately damaged.
The shadow closely misses you.
You hit the shadow.
The shadow is moderately damaged.
The shadow slips into darkness.
The shadow flickers and vanishes!
Deactivating autopickup; reactivate with Ctrl-A.
You hit something but do no damage.
The shadow strikes at you from the darkness!
* * * LOW HITPOINT WARNING * * *
Reactivating autopickup.
You feel better. The shadow barely misses you.
As you read the scroll labelled YVANOPN DIASE, it crumbles to dust.
It is a scroll of identify.
b - a scroll of magic mapping The shadow closely misses you.
It was a potion of brilliance.
You feel clever all of a sudden.
The shadow slips into darkness.
The shadow flickers and vanishes!
Deactivating autopickup; reactivate with Ctrl-A.
You hit something but do no damage.
The shadow strikes at you from the darkness!
Ouch! That really hurt!
You die...

#..$) .#.# #... .#.
#..=# .. #...###.#
#...).# #.##...# .#
#....h## ..# #####{#
...# #s# ...#
..#####.#######...#
.>.........>......#
#.................#
###########.......##
##.......##
#....)...#
##........
#....#####


You could see a hound.

Vanquished Creatures
  Grinder (D:5)
  An ice beast (D:5)
  3 ogres
  A centaur (D:5)
  A scorpion (D:5)
  A howler monkey (D:5)
  2 hounds
  2 iguanas (D:4)
  2 orc wizards
  5 adders
  8 gnolls
  2 worms
  2 dart slugs
  10 orcs
  4 ball pythons
  11 endoplasms
  A giant cockroach (D:1)
  10 goblins
  10 hobgoblins
  6 jackals
  4 kobolds
  A quokka (D:3)
  9 bats
  2 frilled lizards
  2 rats
101 creatures vanquished.

Notes
Turn   | Place    | Note
-------+----------+-------------------------------------------
     0 | D:1      | Crownlay the Octopode Transmuter began the quest for the
                  | Orb.
     0 | D:1      | Reached XP level 1. HP: 13/13 MP: 3/3
   271 | D:1      | Reached skill level 1 in Poison Magic
   271 | D:1      | Reached XP level 2. HP: 16/18 MP: 3/5
   381 | D:1      | Reached XP level 3. HP: 12/23 MP: 6/6
   574 | D:1      | Learned a level 3 spell: Spider Form
  1434 | D:2      | Reached XP level 4. HP: 19/28 MP: 5/7
  2519 | D:3      | HP: 1/43 [hobgoblin (2)]
  2521 | D:3      | Reached XP level 5. HP: 1/34 MP: 0/9
  3590 | D:3      | Reached XP level 6. HP: 18/41 MP: 3/10
  4176 | D:4      | Found Gohel's Weapon Emporium.
  4497 | D:4      | Reached XP level 7. HP: 46/46 MP: 9/12
  4522 | D:4      | Found a shimmering blue altar of Sif Muna.
  4534 | D:4      | Found a sacrificial altar of Ru.
  4534 | D:4      | Found a glowing golden altar of the Shining One.
  4545 | D:4      | Found an opulent altar of Gozag.
  4548 | D:4      | Found a snail-covered altar of Cheibriados.
  5167 | D:5      | Entered Level 5 of the Dungeon
  5170 | D:5      | Noticed Grinder
  5211 | D:5      | Paralysed by Grinder for 2 turns
  5443 | D:5      | Paralysed by Grinder for 6 turns
  5452 | D:5      | Paralysed by Grinder for 5 turns
  5647 | D:5      | Paralysed by Grinder for 3 turns
  5978 | D:5      | Paralysed by Grinder for 5 turns
  5992 | D:5      | Killed Grinder
  5993 | D:5      | Reached skill level 5 in Unarmed Combat
  5993 | D:5      | Reached XP level 8. HP: 16/54 MP: 3/14
  6595 | D:5      | Noticed a shadow
  6599 | D:5      | Reached skill level 5 in Spellcasting
  6618 | D:5      | Demolished by a shadow

Illustrated notes

Levels and vault maps discovered:
D:1:      dpeg_arrival_stone_temple_mockup, layout_rooms
D:2:      layout_basic
D:3:      layout_basic
D:4:      layout_cave_pools, minmay_overflow_temple_star_hex, serial_shops,
          nicolae_shop_bloodbath_and_beyond
D:5:      layout_layer_cave, chequers_temple_overflow_minitemple,
          minmay_temple_entry_arrows, gammafunk_ghost_nasty_kobolds,
          minmay_bent, uniq_grinder

Skill      XL: |  1  2  3  4  5  6  7  8 |
---------------+-------------------------+-----
Poison Magic   | 1 2 3 |  3.1
Fighting       | 2 3 4 |  4.1
Spellcasting   | 3 4 5 |  5.1
Transmutations | 3 4 |  4.7
Unarmed Combat | 4 5 |  5.2
Dodging        | |  2.0

Action                   |  1- 3 |  4- 6 |  7- 9 || total
-------------------------+-------+-------+-------++-------
Melee: Unarmed           |    69 |   122 |    95 ||   286
       Kick              |    15 |     8 |       ||    23
       Constrict         |    13 |    11 |       ||    24
       Tentacles         |    10 |    10 |       ||    20
       Punch             |     1 |     1 |       ||     2
 Cast: Beastly Appendage |    12 |     5 |       ||    17
       Spider Form       |     2 |    13 |    15 ||    30
Evoke: Wand              |       |     1 |       ||     1
  Use: Potion            |       |     1 |     3 ||     4
       Scroll            |       |       |     1 ||     1
 Stab: Sleeping          |     3 |     2 |       ||     5
Armor: Skin              |     7 |    12 |     8 ||    27
Dodge: Dodged            |    41 |   104 |    83 ||   228

Table legend: (Time is in decaauts)
 A = Elapsed time spent in this place.
 B = Non-inter-level travel time spent in this place.
 C = Inter-level travel time spent in this place.
 D = Time resting spent in this place.
 E = Time spent auto-exploring this place.
 F = Levels seen in this place.
 G = Mean time per level.
                   A        B        C        D        E       F      G
               +--------+--------+--------+--------+--------+-----+--------+
         Total |   6603 |   6523 |     80 |      6 |   5700 |   5 | 1320.6 |
       Dungeon |   6603 |   6523 |     80 |      6 |   5700 |   5 | 1320.6 |
               +--------+--------+--------+--------+--------+-----+--------+

Top non-repeatable levels by time:
     D:4: 1915 daAuts
     D:3: 1481 daAuts
     D:2: 1360 daAuts
     D:1: 1123 daAuts
     D:5: 723 daAuts
